 Dungeon Crawl Stone Soup version 0.29.1-15-g9cfb28693d (webtiles) character file.

Game seed: 2273053202338332937

87 Eitelfritz the Trooper (level 4, -8/38 (41) HPs)
             Began as a Hill Orc Fighter on Apr 13, 2023.
             Mangled by Crazy Yiuf
             ... wielding a +4 quarterstaff of chaos
              (9 damage)
             ... on level 2 of the Dungeon.
             The game lasted 00:04:03 (1505 turns).

Eitelfritz the Trooper (Hill Orc Fighter)           Turns: 1505, Time: 00:04:04

HP:   -8/38 (41)    AC: 10    Str: 19    XL:     4   Next: 51%
MP:   4/4           EV:  7    Int:  7    God:
Gold: 26            SH:  5    Dex: 14    Spells: 3/3 levels left

rFire   . . .      SeeInvis .   a - +0 war axe
rCold   . . .      Faith    .   c - +0 buckler
rNeg    . . .      Spirit   .   n - +0 chain mail
rPois   .          Reflect  .   p - +0 helmet
rElec   .          Harm     .   (no cloak)
rCorr   .          Rampage  .   (no gloves)
Will    .....      Rage     3%  (no boots)
Stlth   ..........              (no amulet)
HPRegen 0.12/turn               (no ring)
MPRegen 0.09/turn               (no ring)

@: drained
A: agile 1, berserk 1, high MP 1, wild magic 1
a: no special abilities


You were on level 2 of the Dungeon.
You visited 1 branch of the dungeon, and saw 2 of its levels.

You collected 75 gold pieces.
You spent 49 gold pieces at shops.

Inventory:

Hand Weapons
 a - a +0 war axe (weapon)
 b - a +0 sling
Missiles
 g - a throwing net (quivered)
Armour
 c - a +0 buckler (worn)
 n - a +0 chain mail (worn)
 p - a +0 helmet (worn)
Scrolls
 m - 2 scrolls of fog {unknown}
 q - a scroll of enchant weapon {unknown}
 r - a scroll of vulnerability {unknown}
 s - a scroll of noise {unknown}
 t - a scroll of identify {unknown}
 u - a scroll of teleportation {unknown}
 v - a scroll of amnesia {unknown}
Potions
 d - a potion of might
 e - 4 potions of brilliance {unknown}
 f - 3 potions of attraction {unknown}
 h - a potion of degeneration {unknown}
 i - 2 potions of curing {unknown}
 j - a potion of flight {unknown}
 k - 2 potions of mutation
 l - a potion of haste {unknown}
 o - 2 potions of ambrosia {unknown}


   Skills:
 + Level 4.6 Fighting
 + Level 4.0 Axes
 + Level 3.4 Armour
 + Level 0.1 Dodging
 + Level 0.1 Stealth
 + Level 4.0 Shields


You had 3 spell levels left.
You didn't know any spells.
Your spell library was empty.

Dungeon Overview and Level Annotations

Branches:
Dungeon (2/15)

Altars:

Shops:
D:2 *

Annotations:
D:2 Crazy Yiuf


Innate Abilities, Weirdness & Mutations

You are agile. (Dex +4, Str/Int -1)
You sometimes lose your temper in combat.
You have an increased reservoir of magic. (+10% MP)
Your spells are a little harder to cast, but a little more powerful.


Message History

Things that are here:
a +0 short sword; a +0 animal skin
Found 7 stones.
A bat comes into view.
Found a leather armour.
You hit the bat.
The bat is moderately wounded.
The bat closely misses you. The bat closely misses you.
The bat closely misses you.
You hit the bat.
You kill the bat!
You see here a bat corpse.
You see here a +0 spear.
Crazy Yiuf shouts!
Could not explore, unopened runed door.
You open the door. You closely miss Crazy Yiuf. You block Crazy Yiuf's attack.
Crazy Yiuf hits you with a +4 quarterstaff of chaos!
Space warps around you.
You closely miss Crazy Yiuf.
Crazy Yiuf hits you with a +4 quarterstaff of chaos!
You feel drained.
You barely miss Crazy Yiuf.
Crazy Yiuf twirls on the spot.
Crazy Yiuf hits you with a +4 quarterstaff of chaos!
* * * LOW HITPOINT WARNING * * *
You feel drained.
* * * LOW HITPOINT WARNING * * *
Unknown command.
You closely miss Crazy Yiuf.
Crazy Yiuf says, "Hack!
Scoff infinity hand."
Crazy Yiuf closely misses you.
Crazy Yiuf hits you with a +4 quarterstaff of chaos.
* * * LOW HITPOINT WARNING * * *
It was a potion of mutation.
You feel extremely strange.
You feel a little pissed off.
You feel less in control of your magic.
You feel more energetic.
You feel agile.
Crazy Yiuf hits you with a +4 quarterstaff of chaos!
You die...

.........#
###....####......#
#.. ........##
#....# #......#
##. .......##
♣....♣ #......# ##
######## ♣...♣♣
#......# # ♣♣.♣♣
#......# ♣.♣♣
#.....## ♣♣.♣
#....## ♣.♣♣
###### ♣♣@♣ #g#
... #...# #..)#
#####


You could see Crazy Yiuf.

Vanquished Creatures
  Robin (D:2)
  2 adders (D:2)
  A worm (D:2)
  6 bats
  2 endoplasms
  4 giant cockroaches
  12 goblins (D:1)
  6 hobgoblins (D:1)
  2 jackals (D:2)
  3 ball pythons
  4 frilled lizards
  4 kobolds
  2 rats (D:1)
49 creatures vanquished.

Notes
Turn   | Place    | Note
-------+----------+-------------------------------------------
     0 | D:1      | Eitelfritz the Hill Orc Fighter began the quest for the
                  | Orb.
     0 | D:1      | Reached XP level 1. HP: 19/19 MP: 1/1
   126 | D:1      | Reached XP level 2. HP: 18/27 MP: 2/2
   421 | D:1      | You fall into a shaft and drop 1 floor!
   438 | D:2      | Reached XP level 3. HP: 34/34 MP: 3/3
   793 | D:2      | Noticed Robin
  1065 | D:2      | Killed Robin
  1066 | D:2      | Reached XP level 4. HP: 41/41 MP: 4/4
  1158 | D:2      | Found Fepuvowk's Assorted Antiques.
  1167 | D:2      | Bought a scroll labelled NOTASYCIPH for 26 gold pieces
  1167 | D:2      | Bought a bubbling cyan potion for 23 gold pieces
  1342 | D:2      | Found a runed translucent door.
  1343 | D:2      | Noticed Crazy Yiuf
  1504 | D:2      | HP: 1/38 [Crazy Yiuf/+4 quarterstaff of chaos (2)]
  1505 | D:2      | Gained mutation: You sometimes lose your temper in combat.
                  | [potion of mutation]
  1505 | D:2      | Gained mutation: Your spells are a little harder to cast,
                  | but a little more powerful. [potion of mutation]
  1505 | D:2      | Gained mutation: You have an increased reservoir of magic.
                  | (+10% MP) [potion of mutation]
  1505 | D:2      | Gained mutation: You are agile. (Dex +4, Str/Int -1)
                  | [potion of mutation]
  1505 | D:2      | Mangled by Crazy Yiuf

Illustrated notes

Levels and vault maps discovered:
D:1:      dpeg_arrival_rhombi, layout_basic, palyth_stone_intersect
D:2:      layout_rooms, serial_shops, shop, minmay_misc_feat_four_crosses,
          uniq_crazy_yiuf_cottage, uniq_robin

Skill      XL: |  1  2  3  4 |
---------------+-------------+-----
Fighting       | 4 |  4.6
Axes           | 3 4 |  4.0
Shields        | 4 |  4.0
Armour         | |  3.4
Dodging        | |  0.1
Stealth        | |  0.1

Action                   |  1- 3 |  4- 6 || total
-------------------------+-------+-------++-------
Melee: War axe           |    79 |    28 ||   107
  Use: Potion            |       |     1 ||     1
Armor: Scale mail        |    32 |       ||    32
       Chain mail        |    24 |    16 ||    40
Dodge: Dodged            |    50 |    16 ||    66
Block: Buckler           |    24 |     7 ||    31
